 Dungeon Crawl Stone Soup version 0.28.0 (webtiles) character file.

Game seed: 10177804007149510282

173764 GrayStillPlays the Convoker (level 18, 0/119 HPs)
             Began as an Octopode Summoner on Feb 14, 2022.
             Was an Initiate of Gozag.
             Shot with a bolt by Vashnia (44 damage)
             ... on level 2 of the Snake Pit on Feb 15, 2022.
             The game lasted 03:23:53 (37959 turns).

GrayStillPlays the Convoker (Octopode Summoner)    Turns: 37959, Time: 03:23:53

Health: 0/119      AC:  1    Str: 10    XL:     18   Next: 6%
Magic:  39/39      EV: 29    Int: 32    God:    Gozag
Gold:   2066       SH:  9    Dex: 25    Spells: 6/33 levels left

rFire   + + .      SeeInvis .   b - +6 trident of Daududaogy {freeze, Drain rF++ Str-2 Int+8, polearm}
rCold   . . .      Faith    .   z - +3 buckler
rNeg    + . .      Spirit   .   (helmet restricted)
rPois   .          Reflect  .   S - amulet of regeneration {@e2}
rElec   .          Harm     .   Z - ring "Qoliskem" {Wiz rN+ Will+ Str+4}
rCorr   +          Rampage  .   T - +6 ring of dexterity
Will    +++..                   x - ring of willpower
Stlth   ++++......              A - ring of resist corrosion
HPRegen 1.09/turn               g - ring of wizardry
MPRegen 0.26/turn               U - ring of magical power
                                W - +4 ring of evasion
                                Y - +6 ring of dexterity

@: no status effects
A: almost no armour, amphibious, 8 rings, camouflage 1, gelatinous body 1,
(nimble swimmer 1), tentacles
a: Renounce Religion, Potion Petition, Call Merchant, Bribe Branch


You were on level 2 of the Snake Pit.
You worshipped Gozag.
Gozag was most pleased with you.
You visited 5 branches of the dungeon, and saw 26 of its levels.
You also visited: Bailey, Gauntlet and Ice Cave.

You collected 8661 gold pieces.
You spent 2852 gold pieces at shops.
You paid 3743 gold pieces to Gozag.


Innate Abilities, Weirdness & Mutations

You cannot wear most types of armour.
You are amphibious.
You can wear up to eight rings at the same time.
Your skin changes colour to match your surroundings (Stealth+).
Your rubbery body absorbs attacks. (AC +1, EV +1)
((You are camouflaged when in or above water. (Stealth+)))
You have tentacles for arms and can constrict up to eight enemies at once.


   Skills:
 + Level 9.4 Fighting
 - Level 4.0 Axes
 - Level 14.0 Dodging
 - Level 2.6 Stealth
 - Level 4.0 Shields
 - Level 8.2 Spellcasting
 + Level 15.7 Summonings
 - Level 13.7 Transmutations
 - Level 8.9 Air Magic
 - Level 8.6 Evocations


You had 6 spell levels left.
You knew the following spells:

 Your Spells              Type           Power      Damage    Failure   Level
a - Summon Small Mammal   Summ           100%       N/A       0%          1
b - Call Imp              Summ           85%        N/A       0%          2
c - Call Canine Familiar  Summ           85%        N/A       0%          3
d - Summon Lightning Spi  Summ/Air       75%        N/A       1%          4
e - Ice Form              Ice/Tmut       55%        N/A       1%          4
f - Dragon Form           Tmut           39%        N/A       4%          7
g - Statue Form           Tmut/Erth      36%        N/A       11%         6

Your spell library contained the following spells:

 Spells                   Type           Power      Damage    Failure   Level
 Apportation              Tloc           26%        N/A       1%          1
 Freeze                   Ice            52%        1d7       1%          1
 Magic Dart               Conj           52%        1d5       1%          1
 Sandblast                Erth           26%        2d8       1%          1
 Corpse Rot               Necr/Air       82%        N/A       1%          2
 Passwall                 Tmut/Erth      45%        N/A       1%          2
 Searing Ray              Conj           26%        2d5       1%          2
 Sublimation of Blood     Necr           13%        N/A       1%          2
 Wereblood                Tmut           79%        N/A       1%          2
 Spider Form              Tmut/Pois      55%        N/A       1%          3
 Summon Guardian Golem    Hex/Summ       59%        N/A       1%          3
 Petrify                  Tmut/Erth      55%        N/A       1%          4
 Blade Hands              Tmut           39%        N/A       1%          5
 Alistair's Intoxication  Tmut/Pois      36%        N/A       2%          5
 Irradiate                Conj/Tmut      27%        3d22      2%          5
 Frozen Ramparts          Ice            26%        1d4       4%          3
 Portal Projectile        Hex/Tloc       26%        N/A       4%          3
 Stone Arrow              Conj/Erth      26%        3d8       4%          3
 Fulminant Prism          Conj/Hex       6%         3d7       13%         4
 Hailstorm                Conj/Ice       13%        3d5       13%         4
 Iskenderun's Mystic Bla  Conj/Tloc      13%        2d5       13%         4
 Leda's Liquefaction      Hex/Erth       6%         N/A       13%         4
 Olgreb's Toxic Radiance  Pois           13%        N/A       13%         4
 Passage of Golubria      Tloc           13%        N/A       13%         4
 Agony                    Necr           13%        N/A       32%         5
 Excruciating Wounds      Necr           6%         N/A       32%         5
 Metabolic Englaciation   Hex/Ice        6%         N/A       32%         5
 Dispersal                Tloc           6%         N/A       83%         6
 Iron Shot                Conj/Erth      6%         9d2       83%         6
 Simulacrum               Ice/Necr       6%         N/A       83%         6
 Starburst                Conj/Fire      6%         6d4       83%         6
 Dragon's Call            Summ           42%        N/A       85%         9
 Necromutation            Tmut/Necr      27%        N/A       98%         8
 Ozocubu's Refrigeration  Ice            6%         4d6       100%        7
 Disjunction              Tloc           6%         N/A       100%        8
 Ignition                 Fire           6%         3d4       100%        8
 Animate Armour           Summ/Erth      Unusable   N/A       N/A         4

Inventory:

Hand Weapons
 b - the +6 trident of Daududaogy (weapon) {freeze, Drain rF++ Str-2 Int+8, polearm}
   (You found it on level 2 of the Lair of Beasts)

   It freezes those it strikes, dealing additional cold damage.
   It can also slow down cold-blooded creatures.
   Str:       It affects your strength (-2).
   Int:       It affects your intelligence (+8).
   rF:        It greatly protects you from fire.
   Drain:     It drains your maximum health when unequipped.
 Q - the +5 mace "Hulk" {holy, Int+7, mace}
   (You found it on level 3 of the Lair of Beasts)

   It has been blessed by the Shining One to cause great damage to the undead
   and demons.
   Int:       It affects your intelligence (+7).
Armour
 z - a +3 buckler (worn)
   (You found it on level 9 of the Dungeon)
 C - a +2 tower shield of fire resistance
   (You found it in a Gauntlet)
Magical Staves
 r - a staff of air {!astaff}
   (You found it on level 3 of the Dungeon)
Jewellery
 c - a ring of fire
   (You found it on level 15 of the Dungeon)
 g - a ring of wizardry (on tentacle)
   (You found it on level 6 of the Dungeon)
 s - an amulet of magic regeneration {@e2}
   (You found it on level 6 of the Lair of Beasts)
 t - a ring of protection from cold
   (You took it off a minotaur in a Gauntlet)
 x - a ring of willpower (on tentacle)
   (You found it on level 3 of the Dungeon)
 A - a ring of resist corrosion (on tentacle)
   (You found it on level 4 of the Dungeon)
 K - a +4 ring of slaying
   (You found it on level 12 of the Dungeon)
 S - an amulet of regeneration (around mantle) {@e2}
   (You bought it in a shop on level 4 of the Lair of Beasts)
 T - a +6 ring of dexterity (right tentacle)
   (You bought it in a shop on level 4 of the Lair of Beasts)
 U - a ring of magical power (on tentacle)
   (You found it on level 7 of the Dungeon)
 W - a +4 ring of evasion (on tentacle)
   (You found it on level 8 of the Dungeon)
 Y - a +6 ring of dexterity (on tentacle)
   (You found it on level 5 of the Lair of Beasts)
 Z - the ring "Qoliskem" (left tentacle) {Wiz rN+ Will+ Str+4}
   (You bought it in a shop on level 1 of the Lair of Beasts)

   [ring of wizardry]

   It improves your spell success rate.
   Str:       It affects your strength (+4).
   rN:        It protects you from negative energy.
   Will:      It increases your willpower.
Wands
 k - a wand of iceblast (6)
   (You found it on level 2 of the Dungeon)
 v - a wand of charming (6)
   (You found it on level 14 of the Dungeon)
 P - a wand of paralysis (14)
   (You found it on level 2 of the Lair of Beasts)
 V - a wand of flame (38)
   (You found it on level 8 of the Dungeon)
 X - a wand of digging (7)
   (You found it on level 5 of the Lair of Beasts)
Scrolls
 d - 6 scrolls of fear
 j - 3 scrolls of brand weapon
 l - 5 scrolls of summoning
 m - 8 scrolls of vulnerability {!r!r}
 n - 3 scrolls of torment {!r}
 o - 3 scrolls of amnesia
 u - 5 scrolls of teleportation {@r4}
 w - a scroll of silence {unknown}
 y - 2 scrolls of acquirement {unknown}
 D - 2 scrolls of enchant armour
 H - 3 scrolls of magic mapping {!r}
 I - 5 scrolls of immolation {!r!r}
 J - 7 scrolls of fog
 O - 2 scrolls of holy word
Potions
 a - 2 potions of heal wounds {@q2}
 e - 4 potions of curing {@q1}
 f - 4 potions of magic {unknown}
 i - 2 potions of haste {unknown}
 p - 3 potions of might
 q - 2 potions of cancellation
 E - a potion of ambrosia
 F - 2 potions of flight {unknown}
 G - 2 potions of lignification {unknown}
 L - 3 potions of brilliance
 N - 4 potions of invisibility {unknown}
 R - 3 potions of mutation {unknown}
Miscellaneous
 h - a lightning rod (inert)
   (You found it in a Gauntlet)

Dungeon Overview and Level Annotations

Branches:
Dungeon (15/15)            Temple (1/1) D:4            Lair (6/6) D:8
  Swamp (0/4) Lair:3        Snake (2/4) Lair:2        Slime (0/5) Lair:6
    Orc (2/2) D:11            Elf (0/3) Orc:2        Vaults (0/5) D:14
 Depths (0/4) D:15         Bailey (visited)           IceCv (visited)
Gauntlet (visited)

Altars:
Dithmenos
Elyvilon
Fedhas
Gozag
Hepliaklqana
Kikubaaqudgha
Makhleb
Nemelex Xobeh
Okawaru
Qazlal
Ru
Sif Muna
Trog
Uskayaw
Vehumet
Wu Jian
Xom
Yredelemnul
Zin
The Shining One
Beogh
Jiyva

Shops:
D:3 (   D:6 (   D:9 :   Orc:1 *(   Orc:2 =[:(   Lair:1 =   Lair:4 *   Lair:5 [
Snake:1 *

Annotations:
D:14 exclusion: obsidian statue
Lair:1 2 transporters, 1 runed translucent door, mortz's ghost, journeyman DjCj
Lair:2 2 exclusions
Lair:3 exclusions: electric eel and 1 more exclusion
Snake:2 Vashnia
Orc:1 2 transporters, BeingJoeMalik's ghost, journeyman DrFi

## ..#.. .# ##########.#.#
.. #..........#.# # #.
#............# #.#.
#............#
#.##.#.###...........###.
...N............$...$$...
$...#.#..##...$.......##..
#.##$@###..#....8.# .
#.#....$N..#......#
#N..S.##...#......#
#..........########
#SN...##..#######
#.#.#...........#
#S#....##.#####$######
#.##.....N# #......#
#.##.#.##.# ######.#


You could see Vashnia, a naga warrior, a naga sharpshooter, a salamander
(poisoned), a shock serpent (very poisoned), a black mamba (ally target) and a
friendly black mamba (summoned).


Message History

Your black mamba bites the shock serpent!
The shock serpent's electric aura discharges, shocking your black mamba!
The shock serpent bites your black mamba!
The shock serpent shocks your black mamba! 😨 HP[+19]
You regained 19 hp, and now have 49/154 hp.
Your black mamba bites the shock serpent.
The shock serpent bites your black mamba but does no damage.
Your black mamba closely misses the shock serpent.
Your black mamba completely misses the shock serpent.
The shock serpent bites your black mamba!
Your black mamba dies!
Your black mamba's corpse dissolves into shadows!
The shock serpent hisses angrily. 😨 HP[+2]
You regained 2 hp, and now have 51/154 hp.
You revert to your normal fleshy form.
A naga sharpshooter comes into view. It is wielding a +0 dire flail.
The salamander hits your naga with a +4 trident!
Your naga is engulfed in flames!
Your naga dies!
Your naga's corpse dissolves into shadows!
The black mamba completely misses your black mamba.
The black mamba bites your black mamba! 😨 HP[-10]
You now have 119 max hp (-35).
A naga sharpshooter comes into view. It is wielding a +0 glaive.
Something bites your naga mage. Something shocks your naga mage!
Your naga mage hits the salamander with a +0 halberd!
Your naga mage grabs the salamander.
Your naga mage constricts the salamander.
The naga sharpshooter unwields a +0 glaive.
The naga sharpshooter wields a +0 arbalest.
The naga sharpshooter shoots a bolt.
The bolt hits you!
* * * LOW HITPOINT WARNING * * *
😱 HP[-16]
You take 16 damage, and now have 25/119 hp.
You swap places.
You block the black mamba's attack. Something bites your naga mage.
Something shocks your naga mage! You block the salamander's attack.
The black mamba completely misses you.
The naga sharpshooter unwields a +0 dire flail.
The naga sharpshooter wields a +0 shortbow.
The naga sharpshooter shoots an arrow.
The arrow hits your naga!
Your naga dies!
Your naga's corpse dissolves into shadows!
Something closely misses your naga mage.
Your naga mage loses its grip on the salamander. 😱 HP[+1]
You miss the black mamba. You grab the black mamba.
You squeeze the black mamba. You constrict the black mamba.
You block the black mamba's attack.
Your naga spits poison at the black mamba.
The splash of poison hits the salamander but does no damage.
The salamander is poisoned.
The salamander hits you from afar with a +4 trident!
* * * LOW HITPOINT WARNING * * *
You are engulfed in flames.
You resist.
* * * LOW HITPOINT WARNING * * *
You block the black mamba's attack.
The naga sharpshooter shoots an arrow.
The arrow hits your naga mage!
Your naga mage dies!
Your naga mage's corpse dissolves into shadows!
The salamander misses you.
Your naga smiles at you.
The black mamba completely misses you. 😱 HP[-19]
You take 19 damage, and now have 7/119 hp.
You feel much better.
You constrict the black mamba. Something bites your naga!
Something shocks your naga!
The naga sharpshooter gestures wildly while chanting.
The naga sharpshooter magically shoots a bolt.
The bolt misses you. You block the black mamba's attack.
The salamander closely misses you. 😱 HP[+17]
You regained 17 hp, and now have 24/119 hp.
You feel much better.
You constrict the black mamba. The black mamba completely misses you.
Something bites your naga. Something shocks your naga!
Your naga dies!
Your naga's corpse dissolves into shadows!
The naga sharpshooter mumbles some strange words.
The naga sharpshooter magically shoots a bolt.
You block the bolt. The black mamba misses you.
The naga sharpshooter mumbles some strange words.
The naga sharpshooter magically shoots an arrow.
The arrow hits you!
* * * LOW HITPOINT WARNING * * *
You block the salamander's attack. 😨 HP[+19]
You regained 19 hp, and now have 43/119 hp.
Blink to where?
Press: ? - help, Q - select action, (/) - cycle Dir - move target You lose your grip on the black mamba.
As you read the scroll of blinking {!r}, it crumbles to dust.
Vashnia shouts!
A naga warrior comes into view. It is wielding a +0 scimitar.
Vashnia gestures wildly while chanting.
Vashnia magically shoots a bolt.
The bolt hits you!!!
You die...
Your body crumbles into a pile of gold.

Skill      XL: |  1  2  3  4  5  6  7  8  9 10 11 12 13 14 15 16 17 |
---------------+----------------------------------------------------+-----
Fighting       | 1 2 3 4 6 7 9 |  9.4
Dodging        | 3 4 5 7 9 11 12 14 | 14.0
Spellcasting   | 3 4 6 8 |  8.2
Summonings     | 5 6 8 9 10 15 | 15.7
Air Magic      | 1 4 6 8 |  8.9
Transmutations | 5 8 11 12 13 | 13.7
Axes           | 2 4 |  4.0
Evocations     | 4 6 8 |  8.6
Shields        | 2 4 |  4.0
Stealth        | |  2.6

Action                   |  1- 3 |  4- 6 |  7- 9 | 10-12 | 13-15 | 16-18 || total
-------------------------+-------+-------+-------+-------+-------+-------++-------
Melee: Whip              |    28 |    18 |    25 |       |       |       ||    71
       Tentacles         |     8 |     2 |    15 |     9 |    21 |   141 ||   196
       Constrict         |     8 |     3 |    14 |     5 |     9 |    42 ||    81
       Punch             |     2 |       |     1 |     2 |     2 |    15 ||    22
       Staff             |       |       |    36 |     5 |       |       ||    41
       Trident           |       |       |       |    22 |    65 |   419 ||   506
       Unarmed           |       |       |       |       |   111 |   241 ||   352
       Bite              |       |       |       |       |       |    49 ||    49
       Tailslap          |       |       |       |       |       |    44 ||    44
 Cast: Summon Small Mamm |     5 |       |       |       |       |       ||     5
       Call Imp          |    17 |     9 |       |       |       |       ||    26
       Call Canine Famil |     1 |    23 |    67 |    48 |    55 |    27 ||   221
       Summon Lightning  |       |       |    16 |    62 |    98 |    54 ||   230
       Ice Form          |       |       |       |       |    22 |       ||    22
       Dragon Form       |       |       |       |       |       |    27 ||    27
       Statue Form       |       |       |       |       |       |    35 ||    35
Invok: Call Merchant     |       |       |       |     1 |     3 |       ||     4
 Abil: Breathe Fire      |       |       |       |       |       |     2 ||     2
Evoke: Wand              |       |     7 |     3 |     5 |     1 |     8 ||    24
       Lightning rod     |       |       |       |       |       |     4 ||     4
  Use: Scroll            |       |       |     7 |    12 |     3 |    14 ||    36
       Potion            |       |       |       |     4 |     2 |     6 ||    12
 Stab: Distracted        |       |       |     1 |     1 |     2 |    13 ||    17
       Sleeping          |       |       |     1 |       |       |     1 ||     2
       Petrified         |       |       |       |       |     3 |       ||     3
Armor: Skin              |     1 |     5 |     5 |     4 |    35 |   256 ||   306
Dodge: Dodged            |    36 |    17 |    47 |    91 |   339 |  1128 ||  1658
Block: Buckler           |       |       |       |       |     9 |   385 ||   394

Levels and vault maps discovered:
D:1:      minmay_arrival_open_corners, layout_basic,
          hellmonk_ecumenical_altar_inner_sanctum
D:2:      minmay_recursive_quarters, layout_basic, basic_altar,
          grunt_ministairs_6, minmay_vboxes
D:3:      layout_loops_ring, nicolae_uskayaw_murder_on_the_dancefloor,
          serial_shops, shop
D:4:      layout_basic, temple_pool_b, uniq_eustachio
D:5:      layout_loops_ring
D:6:      layout_loops_cross, gup_sewer_entry_spiral, serial_shops,
          nicolae_shop_bloodbath_and_beyond, minmay_misc_feat_doors
D:7:      layout_basic, kennysheep_generic_room_5
D:8:      layout_basic, yredelemnul_forgotten_temple_becter, lair_entry_dummy,
          minmay_sticks_and_stones
D:9:      layout_irregular_city, fedhas_altar_2, nicolae_overflow_hidden_temple,
          grunt_ministairs_13, nicolae_elevator_lobby_asterisk
D:10:     layout_irregular_city, enter_bailey_4
D:11:     layout_cave_pools, david_orc_5
D:12:     layout_basic, minivault_12
D:13:     layout_basic, einodemon_barbed_minivault, uniq_kirke
D:14:     layout_basic, david_vaults_4, minmay_misc_feat_columns, special_room
          [special_room_orc], minmay_protected_statue
D:15:     hangedman_depths_entry_try_elsewhere_first, layout_layer_cave,
          roderic_three_in_a_row, gauntlet_entry_generic, bloody_makhleb
Temple:   eino_temple_water
Lair:1:   gammafunk_lair_enchanted_lake, layout_loops_ring, basic_altar,
          gammafunk_ghost_hive, uniq_fannar, uniq_nergalle
Lair:2:   layout_regular_city, guppyfry_snake_entry_island,
          chequers_serial_rivers_large_b, serial_bayou_ford_a,
          minmay_lindwurm_lava
Lair:3:   layout_chaotic_city, minmay_swamp_entry_eels, forest_entry_grove,
          infiniplex_staircase_pool_2, grunt_megastairs_2
Lair:4:   layout_regular_city, portal_ice_cave_entry_imps, grunt_megastairs_3
Lair:5:   minmay_lair_venomous_thicket, layout_small_grid,
          nicolae_lair_yak_garden
Lair:6:   grunt_lair_end_beastmaster, layout_gridlike, slime_altar_1,
          lemuel_fruit_tree, uniq_nessos
Snake:1:  layout_rooms, nicolae_shop_clearance
Snake:2:  layout_basic, uniq_vashnia
Orc:1:    orc_temple, layout_caves, gammafunk_ghost_smash,
          guppyfry_orc_lava_fort
Orc:2:    st_orc_elflike, layout_diamond_mine

Notes
Turn   | Place    | Note
-------+----------+-------------------------------------------
     0 | D:1      | GrayStillPlays the Octopode Summoner began the quest for
                  | the Orb.
     0 | D:1      | Reached XP level 1. HP: 11/11 MP: 3/3
     0 | D:1      | magus.rc [v1.9.6]
   145 | D:1      | Reached XP level 2. HP: 9/18 MP: 5/5
   303 | D:1      | Learned a level 2 spell: Call Imp
   689 | D:1      | Reached skill level 1 in Fighting
   737 | D:1      | Reached XP level 3. HP: 20/23 MP: 2/6
   751 | D:1      | Learned a level 3 spell: Call Canine Familiar
   928 | D:1      | Found a faded altar of an unknown god.
  1586 | D:2      | Reached XP level 4. HP: 28/28 MP: 4/7
  1882 | D:2      | HP: 7/29 [poisoned by an adder]
  1886 | D:2      | HP: 3/29 [poisoned by an adder]
  1888 | D:2      | HP: 1/29 [poisoned by an adder]
  2442 | D:2      | Reached skill level 3 in Dodging
  2493 | D:2      | Reached XP level 5. HP: 34/34 MP: 9/9
  2598 | D:2      | Reached skill level 2 in Fighting
  2776 | D:2      | Found an iron altar of Okawaru.
  3080 | D:3      | Found a hide-covered altar of Uskayaw.
  3146 | D:3      | Reached skill level 3 in Spellcasting
  3163 | D:3      | HP: 4/34 [something/magic dart (7)]
  3906 | D:3      | Reached skill level 5 in Summonings
  3906 | D:3      | Reached XP level 6. HP: 41/41 MP: 0/11
  4134 | D:3      | Found Zaidewesh's Antique Weapon Emporium.
  4310 | D:3      | Noticed an orc warrior
  4857 | D:4      | Noticed Eustachio
  4906 | D:4      | Killed Eustachio
  4907 | D:4      | Reached skill level 3 in Fighting
  4907 | D:4      | Reached skill level 4 in Dodging
  4907 | D:4      | Reached XP level 7. HP: 46/46 MP: 10/12
  4978 | D:4      | Found a staircase to the Ecumenical Temple.
  4987 | Temple   | Entered the Ecumenical Temple
  5571 | D:4      | Reached skill level 4 in Spellcasting
  5873 | Temple   | Became a worshipper of Gozag Ym Sagoz the Greedy
  5933 | D:4      | Reached skill level 1 in Air Magic
  6226 | D:5      | Entered Level 5 of the Dungeon
  6712 | D:5      | Reached XP level 8. HP: 54/54 MP: 8/14
  6760 | D:5      | Reached skill level 4 in Fighting
  6760 | D:5      | Reached skill level 2 in Air Magic
  7025 | D:5      | Reached skill level 6 in Summonings
  7426 | D:5      | Reached skill level 5 in Dodging
  8338 | D:6      | HP: 4/54 [ice beast (11)]
  8340 | D:6      | Reached skill level 3 in Air Magic
  9504 | D:5      | HP: 9/54 [ice beast (12)]
  9804 | D:6      | Learned a level 4 spell: Summon Lightning Spire
  9852 | D:6      | Found Cuekor's Weapon Boutique.
 10255 | D:6      | Reached skill level 4 in Air Magic
 10255 | D:6      | Reached XP level 9. HP: 59/59 MP: 12/16
 10869 | D:7      | Noticed a hornet
 10873 | D:7      | Killed a hornet
 10874 | D:7      | Reached skill level 6 in Dodging
 10874 | D:7      | Reached skill level 7 in Summonings
 11484 | D:7      | Reached skill level 5 in Air Magic
 12357 | D:8      | Reached skill level 7 in Dodging
 12358 | D:8      | Reached skill level 8 in Summonings
 12549 | D:8      | Found a staircase to the Lair.
 12555 | D:8      | Found a basalt altar of Yredelemnul.
 13015 | D:8      | Noticed a cyclops
 13061 | D:8      | Killed a cyclops
 13062 | D:8      | Reached skill level 6 in Air Magic
 13062 | D:8      | Reached XP level 10. HP: 32/65 MP: 17/17
 13821 | Lair:1   | Entered Level 1 of the Lair of Beasts
 13842 | Lair:1   | Noticed a cane toad
 13848 | Lair:1   | Killed a cane toad
 13919 | Lair:1   | Noticed Nergalle
 13928 | Lair:1   | Noticed a cane toad
 13934 | Lair:1   | Reached skill level 8 in Dodging
 14041 | Lair:1   | Noticed Fannar
 14051 | Lair:1   | Noticed a four-headed hydra
 14055 | Lair:1   | Killed Fannar
 14056 | Lair:1   | Reached skill level 9 in Summonings
 14056 | Lair:1   | Reached skill level 7 in Air Magic
 14069 | Lair:1   | Killed a four-headed hydra
 14214 | Lair:1   | Reached skill level 9 in Dodging
 14225 | Lair:1   | Reached skill level 8 in Air Magic
 14225 | Lair:1   | Reached XP level 11. HP: 55/70 MP: 16/18
 14239 | Lair:1   | Reached skill level 10 in Summonings
 14308 | Lair:1   | HP: 11/64 [Nergalle/bolt of negative energy (11)]
 14354 | Lair:1   | Killed Nergalle
 14739 | Lair:1   | Noticed mortz's ghost (journeyman DjCj)
 14749 | Lair:1   | Found a transporter.
 14754 | Lair:1   | Found a transporter.
 14912 | Lair:1   | Found a white marble altar of Elyvilon.
 14920 | Lair:1   | You pick up a book of Alchemy and begin reading...
 14920 | Lair:1   | You add the spells Sublimation of Blood, Petrify and
                  | Irradiate to your library.
 15084 | Lair:1   | Noticed a lindwurm
 15084 | Lair:1   | Noticed a dire elephant
 15105 | Lair:1   | Found a runed translucent door.
 15868 | Lair:2   | Found a staircase to the Snake Pit.
 15875 | Lair:2   | Reached skill level 10 in Dodging
 15884 | Lair:2   | Noticed a four-headed hydra
 15898 | Lair:2   | Killed a four-headed hydra
 15899 | Lair:2   | Reached skill level 2 in Transmutations
 15910 | Lair:2   | Identified the +6 trident of Daududaogy {freeze, Drain rF++
                  | Str-2 Int+8}
 15957 | Lair:2   | You add the spells Olgreb's Toxic Radiance, Ozocubu's
                  | Refrigeration and Ignition to your library.
 15969 | Lair:2   | Reached skill level 3 in Transmutations
 16195 | Lair:2   | Noticed a lindwurm
 16409 | Lair:2   | HP: 8/70 [komodo dragon (29)]
 16889 | Lair:2   | Reached skill level 4 in Transmutations
 16924 | Lair:2   | magus.rc [v1.9.6]
 16952 | Lair:2   | magus.rc [v1.9.6]
 17099 | Lair:2   | Reached skill level 1 in Axes
 17099 | Lair:2   | Reached skill level 11 in Dodging
 17329 | Lair:2   | Noticed a lindwurm
 17458 | Lair:2   | Reached skill level 2 in Axes
 17458 | Lair:2   | Reached skill level 5 in Transmutations
 17458 | Lair:2   | Reached XP level 12. HP: 75/75 MP: 19/19
 17661 | Lair:3   | Identified the +5 mace "Hulk" {holy, Int+7}
 17806 | Lair:3   | Reached skill level 3 in Axes
 17881 | Lair:3   | Noticed a six-headed hydra
 17900 | Lair:3   | Killed a six-headed hydra
 18082 | Lair:3   | Reached skill level 6 in Transmutations
 18140 | Lair:3   | Reached skill level 4 in Axes
 18522 | Lair:3   | Identified the +3 scale mail "Qubboann" {Rampage Will+}
 18535 | Lair:3   | Reached skill level 12 in Dodging
 18638 | Lair:3   | Found a staircase to the Swamp.
 19249 | Lair:4   | Reached skill level 7 in Transmutations
 19471 | Lair:4   | HP: 11/75 [black mamba (16)]
 19836 | Lair:4   | Found a frozen archway.
 19842 | IceCv    | Entered an ice cave
 19854 | IceCv    | Found a transporter.
 20223 | Lair:4   | Reached skill level 8 in Transmutations
 21063 | Lair:5   | Noticed an eight-headed hydra
 21085 | Lair:5   | HP: 6/75 [eight-headed hydra (17)]
 21132 | Lair:5   | Killed an eight-headed hydra
 21467 | Lair:5   | Noticed a death yak
 21477 | Lair:5   | Reached XP level 13. HP: 81/81 MP: 20/20
 21512 | Lair:4   | Bought a dented steel amulet for 115 gold pieces
 21519 | Lair:4   | Bought a pearl ring for 115 gold pieces
 21664 | Lair:4   | Reached skill level 13 in Dodging
 21835 | Lair:4   | Reached skill level 9 in Transmutations
 22469 | Lair:5   | You pick up a book of the Hunter and begin reading...
 22469 | Lair:5   | You add the spells Portal Projectile and Leda's
                  | Liquefaction to your library.
 22633 | Lair:5   | You fall into a shaft and drop 1 floor!
 22633 | Lair:6   | Entered Level 6 of the Lair of Beasts
 22641 | Lair:6   | You pick up a book of the Tundra and begin reading...
 22641 | Lair:6   | You add the spells Hailstorm, Ice Form and Simulacrum to
                  | your library.
 22668 | Lair:6   | Found a staircase to the Slime Pits.
 22670 | Lair:6   | Found a viscous altar of Jiyva.
 22713 | Lair:5   | Reached skill level 10 in Transmutations
 22784 | Lair:4   | Reached skill level 14 in Dodging
 22915 | Lair:4   | Reached skill level 1 in Evocations
 22958 | Lair:4   | Reached skill level 5 in Fighting
 22958 | Lair:4   | Reached skill level 2 in Evocations
 22971 | Lair:4   | Learned a level 4 spell: Ice Form
 24007 | Lair:6   | Reached skill level 3 in Evocations
 24313 | Lair:6   | Reached skill level 6 in Fighting
 24313 | Lair:6   | Reached skill level 4 in Evocations
 24461 | Lair:6   | Reached skill level 11 in Transmutations
 24494 | Lair:6   | Reached XP level 14. HP: 90/90 MP: 21/21
 24786 | Lair:6   | Reached skill level 5 in Evocations
 24848 | Lair:6   | Noticed Nessos
 24865 | Lair:6   | Killed Nessos
 24971 | Lair:6   | Reached skill level 7 in Fighting
 25310 | Lair:6   | You pick up a book of Iron and begin reading...
 25310 | Lair:6   | You add the spells Blade Hands and Iron Shot to your
                  | library.
 25312 | Lair:6   | You pick up a book of Party Tricks and begin reading...
 25312 | Lair:6   | You add the spells Apportation and Alistair's Intoxication
                  | to your library.
 25528 | D:9      | Found a blossoming altar of Fedhas.
 25649 | D:9      | Reached skill level 6 in Evocations
 26100 | D:9      | Reached skill level 5 in Spellcasting
 26267 | D:9      | Found an ancient bone altar of Kikubaaqudgha.
 26267 | D:9      | Found a shimmering altar of Xom.
 26269 | D:9      | Found a bloodstained altar of Trog.
 26423 | D:10     | Entered Level 10 of the Dungeon
 26559 | D:10     | Reached skill level 1 in Shields
 26586 | D:10     | Found a flagged portal.
 26605 | Bailey   | Entered a bailey
 27082 | D:10     | Identified 2 potions of experience
 27848 | D:10     | Reached skill level 2 in Shields
 28253 | D:11     | You pick up a book of Geomancy and begin reading...
 28253 | D:11     | You add the spells Sandblast, Passwall and Stone Arrow to
                  | your library.
 28323 | D:11     | Found a staircase to the Orcish Mines.
 28670 | D:9      | Bought Nenyk's Almanac of Transmigration for 864 gold
                  | pieces
 28670 | D:9      | You add the spells Wereblood, Spider Form, Dragon Form and
                  | Necromutation to your library.
 28678 | D:9      | Learned a level 7 spell: Dragon Form
 28679 | D:9      | Reached skill level 6 in Spellcasting
 28679 | D:9      | Reached skill level 12 in Transmutations
 28679 | D:9      | Reached XP level 15. HP: 99/99 MP: 25/25
 28680 | D:9      | Reached skill level 13 in Transmutations
 28680 | D:9      | Reached XP level 16. HP: 104/104 MP: 26/26
 28786 | Orc:1    | Entered Level 1 of the Orcish Mines
 28898 | Orc:2    | Entered Level 2 of the Orcish Mines
 28920 | Orc:2    | Reached skill level 7 in Spellcasting
 28934 | Orc:2    | Found a staircase to the Elven Halls.
 28977 | Orc:2    | Reached skill level 7 in Evocations
 28986 | Orc:2    | Found Ciaqif's Jewellery Shoppe.
 29318 | Orc:2    | Found Wehis's Weapon Shoppe.
 29319 | Orc:2    | Found Mesunuty's Book Boutique.
 29319 | Orc:2    | Found Ofeoj's Antique Armour Boutique.
 29977 | Orc:1    | Reached skill level 8 in Evocations
 30022 | Orc:1    | You pick up a book of the Warp and begin reading...
 30022 | Orc:1    | You add the spells Dispersal and Disjunction to your
                  | library.
 30188 | Orc:1    | Identified a +2 robe of the Archmagi
 30276 | Orc:1    | magus.rc [v1.9.6]
 30560 | Orc:1    | Found Giaxti Feer's Antique Weapon Boutique.
 30576 | Orc:1    | Found Ericak's Assorted Antiques.
 30580 | Orc:1    | Reached skill level 8 in Spellcasting
 30848 | Orc:1    | Found a transporter.
 31002 | Orc:1    | Noticed BeingJoeMalik's ghost (journeyman DrFi)
 31002 | Orc:1    | Identified the +12 giant club of Causality {vorpal, rN+
                  | Int+4}
 31002 | Orc:1    | Identified the +3 giant club of Feocaw {elec, rC+}
 31007 | Orc:1    | Found a transporter.
 31194 | D:12     | You pick up a book of Frost and begin reading...
 31194 | D:12     | You add the spells Freeze and Frozen Ramparts to your
                  | library.
 31249 | D:11     | HP: 37/156 [shot self (22)]
 31255 | D:11     | Reached XP level 17. HP: 72/109 MP: 29/29
 31326 | D:12     | Reached skill level 11 in Summonings
 31471 | D:12     | You pick up a book of Weapons and begin reading...
 31982 | D:13     | Noticed Kirke
 32005 | D:13     | Killed Kirke
 32078 | D:13     | Reached skill level 12 in Summonings
 32141 | D:13     | You pick up a book of Conjurations {@e2} and begin
                  | reading...
 32141 | D:13     | You add the spells Magic Dart, Searing Ray and Fulminant
                  | Prism to your library.
 33135 | Lair:1   | Bought the ring "Qoliskem" {Wiz rN+ Will+ Str+4} for 662
                  | gold pieces
 33435 | Orc:2    | Bought a book of Sloth for 468 gold pieces
 33435 | Orc:2    | You pick up a book of Sloth and begin reading...
 33435 | Orc:2    | You add the spells Metabolic Englaciation and Statue Form
                  | to your library.
 33442 | Orc:2    | Learned a level 6 spell: Statue Form
 33630 | D:14     | Reached skill level 13 in Summonings
 33701 | D:14     | Reached skill level 3 in Shields
 34033 | D:14     | Found a gate to the Vaults.
 34581 | D:15     | Entered Level 15 of the Dungeon
 34583 | D:15     | Found a burning altar of Makhleb.
 34586 | D:15     | Found a gate leading to a gauntlet.
 34595 | Gauntlet | Entered a Gauntlet
 34595 | Gauntlet | Found a runed translucent door.
 34595 | Gauntlet | Found a transporter.
 34595 | Gauntlet | Found a runed translucent door.
 34595 | Gauntlet | Found a transporter.
 34597 | Gauntlet | Found a transporter.
 34597 | Gauntlet | Found a transporter.
 34601 | Gauntlet | Found a transporter.
 34601 | Gauntlet | Found a transporter.
 34635 | Gauntlet | Found a transporter.
 34636 | Gauntlet | Found a transporter.
 34645 | Gauntlet | Found a transporter.
 34660 | Gauntlet | Found a transporter.
 34675 | Gauntlet | Found a transporter.
 34678 | Gauntlet | Found a transporter.
 34805 | Gauntlet | Reached skill level 4 in Shields
 34938 | Gauntlet | You add the spells Corpse Rot, Iskenderun's Mystic Blast,
                  | Passage of Golubria and Agony to your library.
 34938 | Gauntlet | Got the Tome of Displaced Evil
 35121 | Gauntlet | Identified the +0 chain mail of Zealous Awe {rF+ Str+2}
 35124 | Gauntlet | You pick up a book of Transfigurations {@e2} and begin
                  | reading...
 35126 | Gauntlet | Identified the +1 pair of boots "Pelunuz" {Harm}
 35130 | Gauntlet | Identified the +3 ring mail of Methrij {+Blink}
 35131 | Gauntlet | Got Vehumet's Tome of Conjuration {@e2}
 35564 | D:15     | Reached skill level 14 in Summonings
 36495 | D:15     | Found a staircase to the Depths.
 36532 | D:15     | HP: 34/141 [cyan ugly thing (7)]
 36535 | D:15     | Reached skill level 15 in Summonings
 36723 | D:9      | Bought the Tome of Supportive Attacks for 612 gold pieces
 36827 | Snake:1  | Entered Level 1 of the Snake Pit
 36852 | Snake:1  | Reached skill level 8 in Fighting
 36999 | Snake:1  | Found Syiluoxo's CLEARANCE SALE!.
 37017 | Snake:1  | Bought a scroll of identify for 8 gold pieces
 37017 | Snake:1  | Bought a scroll of identify for 8 gold pieces
 37170 | Snake:1  | Reached skill level 9 in Fighting
 37583 | Snake:2  | Reached XP level 18. HP: 118/118 MP: 30/30
 37663 | Snake:2  | Noticed Vashnia
 37950 | Snake:2  | HP: 30/154 [Vashnia/bolt (40)]
 37956 | Snake:2  | HP: 12/119 [salamander (15)]
 37959 | Snake:2  | Shot with a bolt by Vashnia

Vanquished Creatures
  Kirke (D:13)
  An orc warlord (Orc:1)
  A minotaur (Gauntlet)
  A dire elephant (D:15)
  An ettin (Orc:2)
  2 naga warriors (Snake:1)
  A boulder beetle (D:13)
  5 anacondas
  4 hydras
  4 centaur warriors
  5 two-headed ogres
  3 orc high priests
  4 tengu warriors
  A naga sharpshooter (Snake:2)
  A naga ritualist (Snake:1)
  2 wizards (D:14)
  6 orc knights
  3 mana vipers (Snake:1)
  3 manticores (D:13)
  5 orc sorcerers
  A salamander (shapeshifter) (D:15)
  4 cyclopes
  3 ugly things (D:15)
  2 elephants (Lair:6)
  2 salamanders
  10 black mambas
  6 naga magi
  2 orange demons (D:13)
  A gargoyle (D:13)
  An unseen horror (D:11)
  A cane toad (Lair:6)
  A komodo dragon (Lair:4)
  2 tengu conjurers
  4 trolls
  A troll (shapeshifter) (D:14)
  14 slime creatures
  3 blink frogs
  2 raiju (Gauntlet)
  A centaur simulacrum (D:14)
  4 vampires
  3 hogs (D:13)
  16 yaks
  A wyvern (D:9)
  3 vampire mosquitoes
  9 nagas
  2 acid dragons
  A floating eye (shapeshifter) (D:14)
  3 water moccasins
  27 orc warriors
  8 ogres
  2 wolves (Lair:5)
  5 centaurs
  A phantom (D:5)
  A bullfrog (D:7)
  A gnoll sergeant (D:12)
  3 scorpions
  An elephant simulacrum (IceCv)
  A killer bee (D:9)
  4 howler monkeys
  9 orc priests
  An iguana (D:6)
  18 orc wizards
  A lightning spire (Gauntlet)
  4 adders
  6 gnolls
  A worm (D:2)
  45 orcs
  A bat (D:2)
  A giant cockroach (D:1)
  2 hobgoblins (D:2)
  3 jackals
  A quokka (D:2)
  3 ball pythons
307 creatures vanquished.

Vanquished Creatures (collateral kills)
  Nessos (Lair:6)
  2 catoblepae
  Fannar (Lair:1)
  2 ogre magi
  5 hydras
  4 two-headed ogres
  7 death yaks
  A tengu warrior (Gauntlet)
  A deep troll shaman (Lair:6)
  2 orc high priests (Orc:2)
  Nergalle (Lair:1)
  3 naga sharpshooters (Snake:2)
  5 orc knights
  An oklob plant (Gauntlet)
  An orc sorcerer (Orc:2)
  5 ugly things (D:15)
  9 elephants
  A cyclops (D:8)
  A manticore (D:15)
  4 black mambas
  3 torpor snails
  5 rime drakes
  9 cane toads
  7 komodo dragons
  3 kobold demonologists
  A freezing wraith (IceCv)
  A tengu conjurer (Gauntlet)
  A troll (shapeshifter) (D:13)
  A troll (Orc:2)
  A hornet (D:7)
  3 polar bears
  10 blink frogs
  A meliai zombie (D:11)
  3 slime creatures (D:10)
  A spriggan (Lair:3)
  4 dream sheep (Lair:3)
  42 yaks
  A dire elephant simulacrum (IceCv)
  2 wyverns
  Eustachio (D:4)
  A steam dragon (Lair:5)
  3 basilisks (Lair:5)
  2 wraiths
  3 hogs (D:13)
  4 vampire mosquitoes
  A death yak simulacrum (IceCv)
  A warg (Orc:1)
  12 water moccasins
  2 nagas (Lair:2)
  4 ice beasts
  21 orc warriors
  3 ogres
  6 black bears
  6 wolves
  6 centaurs
  2 kobold brigands
  9 bullfrogs
  A gnoll sergeant (D:8)
  2 scorpions
  5 killer bees (D:10)
  An elephant simulacrum (IceCv)
  5 howler monkeys
  2 centaur zombies
  A bullfrog zombie (D:4)
  A bullfrog skeleton (D:5)
  A centaur skeleton (D:5)
  14 orc priests
  A gnoll shaman (D:8)
  2 iguanas
  A scorpion zombie (D:5)
  15 orc wizards
  A polar bear simulacrum (IceCv)
  8 gnolls
  14 adders
  A river rat (D:6)
  A shadow imp (D:5)
  16 white imps
  An ufetubus (D:6)
  An adder skeleton (D:5)
  4 worms
  2 dart slugs
  66 orcs
  6 ball pythons
  5 bats
  8 endoplasms
  7 giant cockroaches
  9 goblins
  5 hobgoblins
  9 jackals
  11 kobolds
  5 quokkas
  4 frilled lizards
  10 rats
  A spectral orc (D:8)
490 creatures vanquished.

Vanquished Creatures (others)
  A yaktaur (D:12)
  A floating eye (shapeshifter) (D:12)
  59 fungi
  132 plants
  7 toadstools (Lair:1)
200 creatures vanquished.

Grand Total: 997 creatures vanquished

Table legend:
 A = Non-vault XP
 B = Vault XP
 C = Vault XP percentage of total XP
 D = Non-vault monster count
 E = Vault monster count
 F = Vault count percentage of total count
                 A         B        C        D         E       F
            +---------+---------+-------+---------+---------+-------
      Total |  107083 |   54972 |  33.9 |     519 |     278 |  34.9
            +---------+---------+-------+---------+---------+-------
        D:1 |      48 |       0 |   0.0 |      25 |       0 |   0.0
        D:2 |      66 |      62 |  48.4 |      26 |      16 |  38.1
        D:3 |     276 |       0 |   0.0 |      22 |       0 |   0.0
        D:4 |     264 |     202 |  43.3 |      11 |       1 |   8.3
        D:5 |     863 |       0 |   0.0 |      21 |       0 |   0.0
        D:6 |     638 |      35 |   5.2 |      19 |       6 |  24.0
        D:7 |    1061 |     242 |  18.6 |      10 |       2 |  16.7
        D:8 |     853 |     504 |  37.1 |      28 |       2 |   6.7
        D:9 |    2559 |     247 |   8.8 |      22 |       2 |   8.3
       D:10 |    2897 |      11 |   0.4 |      16 |       5 |  23.8
       D:11 |    2369 |     708 |  23.0 |      20 |      23 |  53.5
       D:12 |    4984 |       0 |   0.0 |      21 |       0 |   0.0
       D:13 |    8648 |    4700 |  35.2 |      20 |      13 |  39.4
       D:14 |    3861 |    2965 |  43.4 |       6 |      28 |  82.4
       D:15 |   15644 |    2286 |  12.7 |      34 |       4 |  10.5
     Lair:1 |    4812 |    2209 |  31.5 |      18 |       5 |  21.7
     Lair:2 |    6079 |     308 |   4.8 |      18 |       2 |  10.0
     Lair:3 |    5325 |    1265 |  19.2 |      17 |       8 |  32.0
     Lair:4 |    8124 |    2333 |  22.3 |      26 |      19 |  42.2
     Lair:5 |    8259 |    3198 |  27.9 |      33 |      20 |  37.7
     Lair:6 |    8061 |    5642 |  41.2 |      23 |      11 |  32.4
    Snake:1 |   14456 |       0 |   0.0 |      31 |       0 |   0.0
    Snake:2 |    2762 |    3137 |  53.2 |       5 |       4 |  44.4
      Orc:1 |    1887 |    9542 |  83.5 |      24 |      39 |  61.9
      Orc:2 |    2287 |    8134 |  78.1 |      23 |      25 |  52.1
     Bailey |       0 |    2628 | 100.0 |       0 |      28 | 100.0
      IceCv |       0 |     896 | 100.0 |       0 |       6 | 100.0
   Gauntlet |       0 |    3718 | 100.0 |       0 |       9 | 100.0
            +---------+---------+-------+---------+---------+-------

Illustrated notes

Table legend:
 A = Kills in this place as a percentage of kills in entire the game.
 B = Kills by you in this place as a percentage of kills by you in the entire game.
 C = Kills by friends in this place as a percentage of kills by friends in the entire game.
 D = Other kills in this place as a percentage of other kills in the entire game.
 E = Experience gained in this place as a percentage of experience gained in the entire game.
 F = Experience gained in this place divided by the number of levels of this place that you have seen.
                   A       B       C       D       E      F
               +-------+-------+-------+-------+-------+----------------------
         Total | 100.0 | 100.0 | 100.0 |   N/A | 100.0 | 5588.1
       Dungeon |  50.6 |  49.5 |  51.2 |   N/A |  35.2 | 3799.5
          Lair |  25.1 |  10.1 |  34.5 |   N/A |  34.3 | 9269.2
     Snake Pit |   5.0 |  11.7 |   0.8 |   N/A |  12.6 | 10177.5
  Orcish Mines |  13.9 |  26.1 |   6.3 |   N/A |  13.5 | 10925.0
        Bailey |   3.5 |   0.3 |   5.5 |   N/A |   1.6 | 2628.0
      Ice Cave |   0.8 |   0.3 |   1.0 |   N/A |   0.6 | 896.0
      Gauntlet |   1.1 |   2.0 |   0.6 |   N/A |   2.3 | 3718.0
               +-------+-------+-------+-------+-------+----------------------

Table legend: (Time is in decaauts)
 A = Elapsed time spent in this place.
 B = Non-inter-level travel time spent in this place.
 C = Inter-level travel time spent in this place.
 D = Time resting spent in this place.
 E = Time spent auto-exploring this place.
 F = Levels seen in this place.
 G = Mean time per level.
                   A        B        C        D        E       F      G
               +--------+--------+--------+--------+--------+-----+--------+
         Total |  38957 |  36330 |   2627 |   4185 |  18075 |  29 | 1343.3 |
       Dungeon |  21482 |  19831 |   1651 |   1639 |  12194 |  15 | 1432.1 |
        Temple |    516 |    500 |     16 |      0 |    412 |   1 |  516.0 |
          Lair |  11879 |  11324 |    555 |   2034 |   4118 |   6 | 1979.8 |
     Snake Pit |   1480 |   1421 |     59 |    187 |    284 |   2 |  740.0 |
  Orcish Mines |   2416 |   2071 |    345 |    174 |    923 |   2 | 1208.0 |
        Bailey |    381 |    381 |      0 |     13 |     45 |   1 |  381.0 |
      Ice Cave |    114 |    114 |      0 |      0 |     66 |   1 |  114.0 |
      Gauntlet |    686 |    686 |      0 |    137 |     33 |   1 |  686.0 |
               +--------+--------+--------+--------+--------+-----+--------+

Top non-repeatable levels by time:
  Lair:4: 2896 daAuts
  Lair:1: 2440 daAuts
     D:6: 2242 daAuts
     D:5: 2173 daAuts
     D:2: 2169 daAuts
  Lair:5: 2035 daAuts
    D:15: 1736 daAuts
     D:8: 1703 daAuts
  Lair:3: 1601 daAuts
  Lair:2: 1589 daAuts
     D:7: 1468 daAuts
   Orc:1: 1361 daAuts
  Lair:6: 1316 daAuts
     D:1: 1280 daAuts
     D:9: 1260 daAuts
